 Dungeon Crawl Stone Soup version 0.26-a0-710-g95a0c6c400 (webtiles) character file.

Game seed: 12178813832358725462

21 ringo67 the Caller (level 3, 0/20 HPs)
             Began as a Kobold Summoner on Oct 30, 2020.
             Slain by a jackal (1 damage)
             ... on level 1 of the Dungeon.
             The game lasted 00:02:09 (1307 turns).

ringo67 the Caller (Kobold Summoner)                Turns: 1307, Time: 00:02:10

Health: 0/20       AC:  2    Str:  5    XL:     3   Next: 5%
Magic:  2/6        EV: 15    Int: 17    God:
Gold:   9          SH:  0    Dex: 15    Spells: 4/7 levels left

rFire    . . .     SeeInvis .   f - +0 short sword
rCold    . . .     Faith    .   (shield restricted)
rNeg     . . .     Spirit   .   a - +0 robe
rPois    .         Reflect  .   (no helmet)
rElec    .         Harm     .   (no cloak)
rCorr    +         Rampage  .   (no gloves)
MR       .....                  (no boots)
Stlth    +++.......             (no amulet)
HPRegen  0.06/turn              h - ring of resist corrosion
MPRegen  0.10/turn              (no ring)

@: no status effects
A: small, nightstalker 3
a: no special abilities


You were on level 1 of the Dungeon.
You visited 1 branch of the dungeon, and saw 1 of its levels.

You collected 9 gold pieces.

Inventory:

Hand Weapons
 f - a +0 short sword (weapon)
Armour
 a - a +0 robe (worn)
Jewellery
 h - a ring of resist corrosion (left hand)
Scrolls
 d - a scroll of fog {unknown}
 e - a scroll of identify {unknown}
Potions
 b - a potion of ambrosia {unknown}
 c - a potion of heal wounds {unknown}
 g - a potion of brilliance {unknown}


   Skills:
 + Level 1.1 Fighting
 + Level 2.9 Dodging
 - Level 2.6 Stealth
 + Level 2.5 Spellcasting
 + Level 4.2 Summonings


You had 4 spell levels left.
You knew the following spells:

 Your Spells              Type           Power        Failure   Level
a - Summon Small Mammal   Summ           ###.         3%          1
b - Call Imp              Summ           ###.....     4%          2

Your spell library contained the following spells:

 Spells                   Type           Power        Failure   Level
 Call Canine Familiar     Summ           ###.....     10%         3
 Summon Guardian Golem    Hex/Summ       #.......     24%         3
 Summon Ice Beast         Ice/Summ       #.......     61%         4
 Summon Lightning Spire   Summ/Air       #.......     61%         4


Dungeon Overview and Level Annotations

Branches:
Dungeon (1/15)

Altars:


Innate Abilities, Weirdness & Mutations

You are small and have problems with some larger weapons.
You are completely attuned to the shadows.


Message History

Your white imp hits the giant cockroach.
The giant cockroach dies!
The jackal bites you.
* * * LOW HITPOINT WARNING * * *
You hit the jackal but do no damage. The jackal bites you.
* * * LOW HITPOINT WARNING * * *
The jackal closely misses you. The jackal barely misses you.
Your white imp closely misses the jackal.
Unknown command.
You closely miss the jackal. The jackal misses you.
The jackal bites you but does no damage.
Your white imp gestures at the jackal.
The puff of frost hits the jackal!
The jackal dies!
The jackal bites you but does no damage.
Unknown command.
You closely miss the jackal. The jackal barely misses you.
Your white imp closely misses the jackal.
You hit the jackal but do no damage. The jackal bites you.
You die...

#####......##....†..# #.........
#...#......##.......# #.#.###'##
#...#......##.....######.#.# #.#
#..........###.........#.#.# #.#≈
#..........# #...†.....#.#.###.#≈
'..........# #.........#.#...#.#≈
#...##'##### #..5......'.#...#.#≈
#...##.#######..†h.....#.#...#.#≈
#...##..........@....##.....##.#≈
#...##...............++.....##.#≈
#...###..............##.....##.#≈
#...###..............##.....##.#≈
#...........................##.#≈
#.................)......†..##.#≈
#........................#####.##
#........................# ###...
#........................###.....


You could see a jackal and a friendly white imp (summoned).

Vanquished Creatures
  A leopard gecko (D:1)
  A ball python (D:1)
  A giant cockroach (D:1)
  3 goblins (D:1)
  2 bats (D:1)
  A frilled lizard (D:1)
  A kobold (D:1)
  A rat (D:1)
11 creatures vanquished.

Vanquished Creatures (collateral kills)
  A leopard gecko (D:1)
  A giant cockroach (D:1)
  A goblin (D:1)
  2 hobgoblins (D:1)
  A jackal (D:1)
  3 kobolds (D:1)
  2 rats (D:1)
11 creatures vanquished.

Grand Total: 22 creatures vanquished

Notes
Turn   | Place    | Note
-------+----------+-------------------------------------------
     0 | D:1      | ringo67 the Kobold Summoner began the quest for the Orb.
     0 | D:1      | Reached XP level 1. HP: 10/10 MP: 3/3
   840 | D:1      | Reached XP level 2. HP: 16/16 MP: 1/5
   897 | D:1      | Learned a level 2 spell: Call Imp
  1114 | D:1      | Reached skill level 1 in Fighting
  1277 | D:1      | Reached XP level 3. HP: 3/20 MP: 1/6
  1303 | D:1      | HP: 1/20 [jackal (2)]
  1307 | D:1      | Slain by a jackal

Illustrated notes

Levels and vault maps discovered:
D:1:      dpeg_arrival_more_subterranean_lakeside_camping, layout_basic

Skill      XL: |  1  2 |
---------------+-------+-----
Fighting       | 1 |  1.1
Dodging        | |  2.9
Stealth        | |  2.6
Spellcasting   | |  2.5
Summonings     | |  4.2

Action                   || total
-------------------------++-------
Melee: Unarmed           ||    43
       Short sword       ||    26
 Cast: Summon Small Mamm ||     7
       Call Imp          ||     6
 Stab: Distracted        ||     1
       Sleeping          ||     4
Armor: Robe              ||     3
Dodge: Dodged            ||    62

Table legend: (Time is in decaauts)
 A = Elapsed time spent in this place.
 B = Non-inter-level travel time spent in this place.
 C = Inter-level travel time spent in this place.
 D = Time resting spent in this place.
 E = Time spent auto-exploring this place.
 F = Levels seen in this place.
 G = Mean time per level.
                   A        B        C        D        E       F      G
               +--------+--------+--------+--------+--------+-----+--------+
         Total |   1309 |   1309 |      0 |      0 |   1118 |   1 | 1309.0 |
       Dungeon |   1309 |   1309 |      0 |      0 |   1118 |   1 | 1309.0 |
               +--------+--------+--------+--------+--------+-----+--------+

Top non-repeatable levels by time:
     D:1: 1309 daAuts
